 Dungeon Crawl Stone Soup version 0.31-a0-188-g5e087ee2ca (webtiles) character file.

Game seed: 15272027195002008646

35 qw the Shooter (level 3, 0/20 HPs)
             Began as a Deep Elf Hunter on June 23, 2023.
             Slain by Jessica
             ... wielding a +2 spectral club
              (5 damage)
             ... on level 2 of the Dungeon.
             The game lasted 00:00:19 (976 turns).

qw the Shooter (Deep Elf Hunter)                     Turns: 976, Time: 00:00:20

Health: 0/20       AC:  3    Str: 10    XL:     3   Next: 16%
Magic:  5/5        EV: 12    Int: 13    God:
Gold:   182        SH:  0    Dex: 18    Spells: 2/2 levels left

rFire   . . .        Y - +0 shortbow
rCold   . . .        (shield currently unavailable)
rNeg    . . .        c - +0 leather armour
rPois   .            (no helmet)
rElec   .            (no cloak)
rCorr   .            (no gloves)
SInv    .            (no boots)
Will    .....        (no amulet)
Stlth   ++           (no ring)
HPRegen 0.23/turn    (no ring)
MPRegen 0.09/turn

%: no passive effects
@: no status effects
A: no striking features
a: no special abilities


You were on level 2 of the Dungeon.
You visited 1 branch of the dungeon, and saw 2 of its levels.

You collected 182 gold pieces.


   Skills:
 - Level 1.5 Fighting
 + Level 6.7 Ranged Weapons
 - Level 2.4 Dodging
 - Level 1.2 Stealth


You had 2 spell levels left.
You didn't know any spells.
Your spell library was empty.

Inventory:

Hand Weapons
 Y - a +0 shortbow (weapon)
Armour
 c - a +0 leather armour (worn)
Scrolls
 a - a scroll of enchant weapon {unknown}
Potions
 b - 2 potions of lignification {unknown}
 d - a potion of haste {unknown}
 e - a potion of magic {unknown}
 f - a potion of curing {unknown}

Dungeon Overview and Level Annotations

Branches:
Dungeon (2/15)

Altars:

Shops:
D:1 ?

Annotations:
D:2 Jessica


Message History

Enter note: Jessica and an endoplasm come into view.
Jessica is wielding a +2 spectral club.
Enter note:
Enter note:
Enter note:
Enter note:
Enter note:
Enter note: You shoot an arrow.
The arrow hits the endoplasm.
The endoplasm is heavily wounded.
Jessica shouts!
You hear an angry hiss.
A kobold comes into view. It is wielding a +0 whip.
You shoot an arrow. The arrow barely misses the endoplasm.
The kobold shouts!
You shoot an arrow. The arrow hits the endoplasm.
The endoplasm is almost dead.
The endoplasm closely misses you.
You shoot an arrow. The arrow hits the endoplasm!
You kill the endoplasm!
An adder comes into view.
You shoot an arrow. The arrow barely misses Jessica.
You shoot an arrow. The arrow barely misses Jessica.
Jessica closely misses you.
The +2 spectral club hits you but does no damage.
A +2 spectral club comes into view.
You shoot an arrow. The arrow hits Jessica.
Jessica is heavily wounded.
Jessica closely misses you. The +2 spectral club hits you.
Jessica hits you with a +2 spectral club!
The +2 spectral club hits you.
You shoot an arrow.
The arrow hits Jessica but does no damage.
Jessica is heavily wounded.
Jessica closely misses you.
The +2 spectral club closely misses you.
You shoot an arrow. The arrow hits Jessica.
Jessica is severely wounded.
Jessica hits you with a +2 spectral club.
You die...

##.....## #...###
##.......## #...).#
#.........####...#.##
+.........'..........
#.........###.#....##
##(......## #......#
##.....## ####...#
#####...## #...#
#....@.## #...#
#.####@# ##.## #K# #.
.S. ...# .... )....#
...#


You could see a +2 spectral club, an adder, Jessica and a kobold.

Vanquished Creatures
  A worm (D:2)
  A ball python (D:2)
  4 bats
  4 endoplasms
  3 giant cockroaches
  3 goblins
  3 hobgoblins
  3 quokkas (D:1)
  2 frilled lizards (D:1)
  2 kobolds (D:2)
  A rat (D:1)
27 creatures vanquished.

Notes
Turn   | Place    | Note
-------+----------+-------------------------------------------
     0 | D:1      | qw the Deep Elf Hunter began the quest for the Orb.
     0 | D:1      | Reached XP level 1. HP: 12/12 MP: 3/3
     0 | D:1      | 0 ||| qw: Version: 0.3-a-9-g12657ce
     0 | D:1      | 0 ||| qw: Game counter: 3144
     0 | D:1      | 0 ||| qw: Always use a shield: true
     0 | D:1      | 0 ||| qw: God list: Okawaru
     0 | D:1      | 0 ||| qw: Allow faded altars: false
     0 | D:1      | 0 ||| qw: Do Orc after D:15 true
     0 | D:1      | 0 ||| qw: Do second Lair branch before Depths: true
     0 | D:1      | 0 ||| qw: Lair rune preference: random
     0 | D:1      | 0 ||| qw: Plans: Normal
     0 | D:1      | 0 ||| PLANNING D:1-11
     8 | D:1      | Found Ritudwal's Magic Scroll Boutique.
    19 | D:1      | 19 ||| SHOPLISTING scroll of enchant armour (90 gold, have
                  | 0).
    19 | D:1      | 19 ||| SHOPLISTING scroll of identify (24 gold, have 0).
    19 | D:1      | 19 ||| SHOPLISTING scroll of teleportation (36 gold, have
                  | 0).
   191 | D:1      | Found a faded altar of an unknown god.
   233 | D:1      | Reached XP level 2. HP: 16/16 MP: 4/4
   328 | D:1      | Reached skill level 6 in Ranged Weapons
   602 | D:1      | 602 ||| READING 3 scrolls labelled ELUGUTZUANU.
   603 | D:1      | 603 ||| DROPPING 2 scrolls of amnesia.
   604 | D:1      | 604 ||| DROPPING scroll of butterflies.
   823 | D:2      | Reached XP level 3. HP: 20/20 MP: 5/5
   851 | D:2      | 851 ||| FLEEEEING.
   852 | D:2      | 852 ||| FLEEEEING.
   853 | D:2      | 853 ||| FLEEEEING.
   967 | D:2      | Noticed Jessica
   974 | D:2      | HP: 5/20 [+2 spectral club[Jessica] (5)]
   976 | D:2      | Slain by Jessica

Levels and vault maps discovered:
D:1:      giann_bridges, layout_basic, hellmonk_ecumenical_altar_lost_god,
          serial_forest, infiniplex_forest_join, infiniplex_forest_straight_2,
          infiniplex_forest_lined_3, infiniplex_forest_corner_2,
          infiniplex_forest_straight_1, serial_shops, shop
D:2:      layout_loops_corners, uniq_jessica

Skill      XL: |  1  2 |
---------------+-------+-----
Ranged Weapons | 6 |  6.7
Fighting       | |  1.5
Dodging        | |  2.4
Stealth        | |  1.2

Action                     || total
---------------------------++-------
   Fire: Shortbow          ||    68
    Use: Scroll            ||     1
 Armour: Leather armour    ||     2
  Dodge: Dodged            ||    13

Table legend:
 A = Non-vault XP
 B = Vault XP
 C = Vault XP percentage of total XP
 D = Non-vault monster count
 E = Vault monster count
 F = Vault count percentage of total count
                 A         B        C        D         E       F
            +---------+---------+-------+---------+---------+-------
      Total |      50 |       0 |   0.0 |      27 |       0 |   0.0
            +---------+---------+-------+---------+---------+-------
        D:1 |      28 |       0 |   0.0 |      16 |       0 |   0.0
        D:2 |      22 |       0 |   0.0 |      11 |       0 |   0.0
            +---------+---------+-------+---------+---------+-------
